 Dungeon Crawl Stone Soup version 0.23.2-40-g277498a001 (webtiles) character file.

Game seed: 13269581332745743858

50249 lilbarb the Spear-Bearer (level 14, 115/115 HPs)
             Began as a Demonspawn Fighter on Feb 16, 2019.
             Was a High Priest of Yredelemnul.
             Quit the game on level 6 of the Lair of Beasts on Nov 22, 2019.
             The game lasted 02:41:12 (23675 turns).

lilbarb the Spear-Bearer (Demonspawn Fighter)      Turns: 23675, Time: 02:41:12

Health: 115/115    AC: 20    Str: 21    XL:     14   Next: 19%
Magic:  23/23      EV:  5    Int: 10    God:    Yredelemnul [*****.]
Gold:   1399       SH: 15    Dex: 16    Spells: 13/13 levels left

rFire    + . .     SeeInvis .   a - +0 spear (venom)
rCold    + + .     Gourm    .   O - +2 shield {rC+ rF+}
rNeg     + . .     Faith    .   R - +0 plate armour
rPois    +         Spirit   +   J - +2 hat of the Bear Spirit {Spirit, +Rage rN+ MR++}
rElec    .         Reflect  .   (no cloak)
rCorr    .         Harm     .   X - +1 pair of gloves {Dex+3}
MR       +++..                  x - +1 pair of boots
Stlth    ..........             G - amulet of magic regeneration
HPRegen  0.29/turn              i - ring of poison resistance
MPRegen  0.61/turn              p - +5 ring of slaying

@: no status effects
A: antennae 2, thin metallic scales 2, cold resistance 1, magic shield, magic
regeneration, freezing cloud immunity
a: Recall Undead Slaves, Injury Mirror, Animate Dead, Drain Life, Enslave Soul,
Renounce Religion, Evoke Berserk Rage


You were on level 6 of the Lair of Beasts.
You worshipped Yredelemnul.
Yredelemnul was extremely pleased with you.
You were hungry.

You visited 3 branches of the dungeon, and saw 18 of its levels.

You collected 1399 gold pieces.

Inventory:

Hand Weapons
 a - a +0 spear of venom (weapon)
 b - a +2 hunting sling of freezing
Missiles
 z - a throwing net
 M - 19 tomahawks (quivered)
 S - 3 javelins
Armour
 m - a +0 large shield
 x - a +1 pair of boots (worn)
 J - the +2 hat of the Bear Spirit (worn) {Spirit, +Rage rN+ MR++}
   (You found it on level 6 of the Dungeon)

   It protects you from negative energy.
   It affects your resistance to hostile enchantments.
   It lets you go berserk.
 O - a +2 shield of resistance (worn)
 R - a +0 plate armour (worn)
 X - a +1 pair of gloves of dexterity (worn)
Magical Staves
 W - an uncursed staff of energy
Jewellery
 i - a ring of poison resistance (left hand)
 p - a +5 ring of slaying (right hand)
 C - an uncursed ring of see invisible
 G - an amulet of magic regeneration (around neck)
 V - an uncursed ring of protection from fire
 Z - an uncursed ring of protection from fire
Wands
 g - a wand of digging (11)
 j - a wand of iceblast (15)
 K - a wand of flame (52)
 L - a wand of disintegration (39)
 N - a wand of random effects (56)
 U - a wand of enslavement (9)
Scrolls
 c - a scroll of brand weapon {unknown}
 d - 9 scrolls of remove curse
 l - 6 scrolls of enchant weapon
 s - 6 scrolls of teleportation
 y - a scroll of fear
 B - a scroll of enchant armour
 D - a scroll of amnesia
 P - 3 scrolls of identify
 Q - 2 scrolls of fog
Potions
 k - 5 potions of heal wounds
 n - 2 potions of flight
 o - 5 potions of curing
 r - 4 potions of lignification
 t - a potion of magic
 v - 2 potions of haste
 w - 2 potions of cancellation
 A - 3 potions of brilliance
 E - a potion of invisibility
 I - 2 potions of mutation
 T - a potion of resistance
Comestibles
 f - 33 rations


   Skills:
 + Level 12.1 Fighting
 + Level 13.5 Polearms
 - Level 2.7 Armour
 * Level 12.6 Shields
 - Level 12.0 Invocations


You had 13 spell levels left.
You didn't know any spells.
Your spell library contained the following spells:

 Spells                   Type           Power        Failure   Level  Hunger
 Animate Skeleton         Necr           N/A          100%        1    ##.....
 Apportation              Tloc           #.....       100%        1    ##.....
 Beastly Appendage        Tmut           #.....       100%        1    ##.....
 Confusing Touch          Hex            #.....       100%        1    ##.....
 Corona                   Hex            #......      100%        1    ##.....
 Flame Tongue             Conj/Fire      #....        100%        1    ##.....
 Freeze                   Ice            #...         100%        1    ##.....
 Magic Dart               Conj           #...         100%        1    ##.....
 Pain                     Necr           #...         100%        1    ##.....
 Summon Small Mammal      Summ           #...         100%        1    ##.....
 Blink                    Tloc           N/A          100%        2    ###....
 Call Imp                 Summ           #.......     100%        2    ###....
 Ensorcelled Hibernation  Hex/Ice        #.....       100%        2    ###....
 Searing Ray              Conj           #.....       100%        2    ###....
 Slow                     Hex            #.......     100%        2    ###....
 Sticks to Snakes         Tmut           #.......     100%        2    ###....
 Throw Flame              Conj/Fire      #.....       100%        2    ###....
 Throw Frost              Conj/Ice       #.....       100%        2    ###....
 Confuse                  Hex            #.......     100%        3    ####...
 Conjure Flame            Conj/Fire      #.......     100%        3    ####...
 Dazzling Spray           Conj/Hex       #.....       100%        3    ####...
 Inner Flame              Hex/Fire       #.......     100%        3    ####...
 Mephitic Cloud           Conj/Pois/Air  #.......     100%        3    ####...
 Ozocubu's Armour         Chrm/Ice       #.......     100%        3    ####...
 Regeneration             Chrm/Necr      #.........   100%        3    ####...
 Spider Form              Tmut/Pois      #.........   100%        3    ####...
 Static Discharge         Conj/Air       #.......     100%        3    ####...
 Tukima's Dance           Hex            #.......     100%        3    ####...
 Vampiric Draining        Necr           #.........   100%        3    ####...
 Animate Dead             Necr           N/A          100%        4    #####..
 Force Lance              Conj/Tloc      #.......     100%        4    #####..
 Fulminant Prism          Conj/Hex       #.........   100%        4    #####..
 Ice Form                 Ice/Tmut       #.......     100%        4    #####..
 Iskenderun's Mystic Bla  Conj           #.......     100%        4    #####..
 Sticky Flame             Conj/Fire      #.......     100%        4    #####..
 Summon Ice Beast         Ice/Summ       #.......     100%        4    #####..
 Throw Icicle             Conj/Ice       #.......     100%        4    #####..
 Blade Hands              Tmut           #.........   100%        5    ######.
 Bolt of Magma            Conj/Fire/Erth #.........   100%        5    ######.
 Fireball                 Conj/Fire      #.........   100%        5    ######.
 Iskenderun's Battlesphe  Conj/Chrm      #.......     100%        5    ######.
 Lightning Bolt           Conj/Air       #.........   100%        5    ######.
 Venom Bolt               Conj/Pois      #.........   100%        5    ######.
 Iron Shot                Conj/Erth      #.........   100%        6    #######
 Orb of Destruction       Conj           #.........   100%        7    #######
 Spellforged Servitor     Conj/Summ      #.........   100%        7    #######
 Ignition                 Fire           #.........   100%        8    #######
 Shatter                  Erth           #.........   100%        9    #######
 Tornado                  Air            #.........   100%        9    #######


Dungeon Overview and Level Annotations

Branches:
Dungeon (11/15)            Temple (1/1) D:5            Lair (6/6) D:11
  Swamp (0/4) Lair:3        Snake (0/4) Lair:3        Slime (0/5) Lair:5
    Orc (0/2) D:10

Altars:
Ashenzari
Cheibriados
Dithmenos
Elyvilon
Fedhas
Gozag
Hepliaklqana
Kikubaaqudgha
Makhleb
Nemelex Xobeh
Okawaru
Qazlal
Ru
Sif Muna
Trog
Uskayaw
Vehumet
Wu Jian
Xom
Yredelemnul
Zin
The Shining One

Annotations:
D:3 exclusion: downstairs
D:5 exclusion: downstairs
D:10 exclusion: 2 downstairs
Lair:5 exclusion: 2 oklob plants


Innate Abilities, Weirdness & Mutations

You have a pair of antennae on your head.
You are mostly covered in thin metallic scales. (AC +3)
Your flesh is cold resistant. (rC+)
When hurt, damage is shared between your health and your magic reserves.
You regenerate magic rapidly.
You are immune to freezing clouds.


Message History

Okay, then.
Drop what? 50/52 slots (_ for help) (? for menu, Esc to quit)
You drop 537 stones.
You drop 128 poisoned needles.
You drop the +3 trident of Peace {pierce, +Rage rC+ Int+3}.
You drop a +0 blowgun.
You drop 120 sling bullets.
You drop a +1 dagger of electrocution.
P - 3 scrolls of identify (gained 1)
You swap places.
Found a chain mail.
k - 5 potions of heal wounds (gained 1)
c - a scroll labeled WISOPOCH DOSCH Saving game... please wait.
Welcome back, lilbarb the Demonspawn Fighter.
Yredelemnul says: Carry the black torch!
Rouse the idle dead!
Press ? for a list of commands and other information.
Quiver which item? (- for none, * to show all) (? for menu, Esc to quit)
Okay, then.
Are you sure you want to abandon this character and quit the game? (Confirm with "yes".)

≈§§≈≈≈≈≈≈≈≈≈≈.....#
≈≈§≈§§≈≈≈§§§≈≈...##
§≈≈§....≈§≈≈≈≈...###
≈≈..§##...≈≈≈≈≈§...#
≈≈..####..≈≈≈≈≈...### #
≈.[#. #..≈≈≈≈.....##.#
≈.## #.≈≈≈≈≈......?. ≈§#
#.≈≈§§≈ZZ..#... ≈..#
..≈≈≈≈.@..#.##.
≈≈..####..§§§§≈...##.#
≈≈...##§§.≈≈§§§..... .
§§§≈....≈≈≈≈≈≈§../#...#
§§§≈§≈§≈§≈≈≈§§§.........
≈≈≈§≈≈§≈§≈≈≈≈....#.#.P..
§§≈§≈≈§≈§≈≈≈.........#..
..§§≈≈≈≈§≈........... ..
.....≈§§......(...


You could see 2 friendly yak zombies.

Vanquished Creatures
  2 entropy weavers (Lair:5)
  11 hydras
  2 two-headed ogres
  13 death yaks
  An ugly thing (D:11)
  A cyclops (D:11)
  An elephant (Lair:3)
  4 black mambas
  2 spiny frogs
  2 rime drakes
  6 komodo dragons
  3 trolls
  A polar bear (Lair:3)
  3 tyrant leeches (Lair:4)
  A slime creature (D:9)
  8 blink frogs
  A dream sheep (Lair:3)
  2 hippogriffs
  A meliai zombie (D:11)
  7 spriggans (Lair:1)
  A wraith (D:9)
  A wyvern (Lair:5)
  4 hogs (D:7)
  A basilisk (Lair:1)
  22 yaks
  A human (D:7)
  4 hungry ghosts (D:10)
  4 soldier ants
  8 swamp worms
  6 nagas (Lair:3)
  15 water moccasins
  11 porcupines
  4 orc warriors
  3 black bears
  3 ice beasts
  2 sky beasts
  6 phantoms
  2 ogres
  7 wolves
  8 centaurs
  18 crocodiles
  4 big kobolds
  14 bullfrogs
  A scorpion (D:7)
  A troll zombie (D:10)
  5 killer bees (D:9)
  5 wights (D:11)
  2 howler monkeys
  4 bullfrog zombies (D:5)
  4 crimson imps
  A jelly (D:6)
  5 hounds
  A bullfrog skeleton (D:4)
  2 centaur skeletons
  3 iguanas
  9 orc wizards
  3 killer bee zombies
  19 worker ants
  6 ogre zombies (D:10)
  A hound zombie (D:11)
  2 hound skeletons
  A worker ant zombie (D:11)
  7 gnolls
  9 adders
  3 shadow imps
  2 oozes
  An adder skeleton (D:7)
  2 worms (D:2)
  3 dart slugs
  5 leopard geckos
  51 orcs
  4 giant cockroaches
  5 goblins
  3 hobgoblins
  13 jackals
  9 quokkas
  2 ball pythons
  8 bats
  6 frilled lizards
  2 goblin skeletons (D:10)
  3 goblin zombies (D:10)
  A hobgoblin skeleton (D:10)
  2 hobgoblin zombies (D:10)
  A jackal skeleton (D:5)
  23 kobolds
  3 orc skeletons (D:10)
  14 orc zombies (D:10)
  A quokka skeleton (D:4)
  A quokka zombie (D:6)
  4 rats
484 creatures vanquished.

Vanquished Creatures (collateral kills)
  A hydra (Lair:1)
  A death knight (D:10)
  3 death yaks (Lair:5)
  A queen ant (Lair:5)
  A black mamba (Lair:2)
  2 spiny frogs
  A torpor snail (Lair:4)
  A hippogriff (Lair:6)
  6 yaks
  2 basilisks (Lair:5)
  2 water moccasins (Lair:5)
  13 soldier ants (Lair:5)
  2 wolves (Lair:5)
  A crocodile (D:9)
  A howler monkey (D:9)
  A crimson imp (D:9)
  A bullfrog skeleton (D:11)
  11 worker ants (Lair:5)
  An ogre zombie (D:10)
  An adder zombie (D:9)
  A fungus (Lair:5)
  A plant (Lair:3)
55 creatures vanquished.

Vanquished Creatures (others)
  A phantasmal warrior (Lair:3)
  5 death yak zombies (Lair:5)
  A vampire (Lair:3)
  A wraith (Lair:3)
  A rime drake zombie (Lair:5)
  A water moccasin zombie (Lair:5)
  A wyvern skeleton (Lair:5)
  7 soldier ant zombies (Lair:5)
  A basilisk zombie (Lair:5)
  A killer bee zombie (D:9)
  A big kobold zombie (D:9)
  A big kobold skeleton (D:9)
  A mummy (Lair:3)
  5 worker ant zombies
  An adder zombie (D:9)
  A kobold skeleton (D:9)
  2 kobold zombies (D:9)
  An orc skeleton (D:9)
  A fungus (D:11)
  12 plants
46 creatures vanquished.

Grand Total: 585 creatures vanquished

Notes
Turn   | Place    | Note
-------+----------+-------------------------------------------
     0 | D:1      | lilbarb the Demonspawn Fighter began the quest for the Orb.
     0 | D:1      | Reached XP level 1. HP: 18/18 MP: 1/1
   330 | D:1      | Reached skill level 2 in Polearms
   432 | D:1      | Gained mutation: Your flesh is cold resistant. (rC+)
                  | [demonic ancestry]
   432 | D:1      | Reached XP level 2. HP: 24/24 MP: 2/2
  1515 | D:1      | Reached XP level 3. HP: 29/29 MP: 3/3
  2670 | D:3      | Reached XP level 4. HP: 35/35 MP: 4/4
  2676 | D:3      | Reached skill level 3 in Polearms
  3535 | D:4      | Found a stormy altar of Qazlal.
  3558 | D:3      | Gained mutation: You have a pair of small antennae on your
                  | head. [demonic ancestry]
  3558 | D:3      | Reached XP level 5. HP: 26/42 MP: 5/5
  3842 | D:4      | Reached skill level 4 in Polearms
  3895 | D:4      | Noticed a phantom
  3909 | D:4      | Killed a phantom
  3909 | D:4      | Gained mutation: When hurt, damage is shared between your
                  | health and your magic reserves. [demonic ancestry]
  3909 | D:4      | Reached XP level 6. HP: 44/48 MP: 6/6
  4816 | D:5      | Entered Level 5 of the Dungeon
  4924 | D:4      | Reached skill level 5 in Polearms
  4924 | D:4      | Reached XP level 7. HP: 42/55 MP: 7/7
  5216 | D:5      | Found a staircase to the Ecumenical Temple.
  5265 | Temple   | Entered the Ecumenical Temple
  5274 | Temple   | Became a worshipper of Yredelemnul the Dark
  5343 | D:5      | Reached skill level 5 in Fighting
  5664 | D:5      | Reached skill level 1 in Invocations
  5824 | D:5      | Reached skill level 6 in Polearms
  6411 | D:6      | Reached XP level 8. HP: 63/63 MP: 9/9
  6557 | D:6      | Reached skill level 5 in Shields
  7248 | D:6      | Reached * piety under Yredelemnul
  7452 | D:6      | Found the +2 hat of the Bear Spirit {Spirit, +Rage rN+
                  | MR++}
  8094 | D:7      | Reached skill level 7 in Polearms
  8119 | D:7      | Found a shattered altar of Ashenzari.
  8360 | D:7      | Found a glowing silver altar of Zin.
  8459 | D:7      | Gained mutation: You are partially covered in thin metallic
                  | scales. (AC +2) [demonic ancestry]
  8459 | D:7      | Reached XP level 9. HP: 60/69 MP: 12/12
  8665 | D:7      | Reached ** piety under Yredelemnul
  9174 | D:7      | Reached skill level 5 in Invocations
  9179 | D:7      | Reached skill level 8 in Polearms
 10315 | D:9      | Noticed a troll
 10358 | D:8      | Killed a troll
 10358 | D:8      | Reached skill level 9 in Polearms
 10358 | D:8      | Gained mutation: You have a pair of antennae on your head.
                  | [demonic ancestry]
 10358 | D:8      | Reached XP level 10. HP: 38/79 MP: 10/15
 10667 | D:9      | Reached *** piety under Yredelemnul
 10673 | D:9      | Noticed a two-headed ogre
 10697 | D:9      | Killed a two-headed ogre
 11029 | D:9      | Found a hazy altar of Hepliaklqana.
 11451 | D:10     | Entered Level 10 of the Dungeon
 11567 | D:10     | Reached skill level 10 in Polearms
 11695 | D:10     | Reached **** piety under Yredelemnul
 11698 | D:10     | Received a gift from Yredelemnul (a mummy)
 12131 | D:10     | Found a staircase to the Orcish Mines.
 12187 | D:10     | Received a gift from Yredelemnul (a mummy)
 12429 | D:10     | Got a brightly glowing dagger
 12430 | D:10     | Identified the cursed +2 dagger of Regicide {freeze, rN+
                  | Str+2} (You found it on level 10 of the Dungeon)
 12561 | D:10     | Identified a scroll of acquirement
 12791 | D:10     | Gained mutation: You regenerate magic rapidly. [demonic
                  | ancestry]
 12791 | D:10     | Reached XP level 11. HP: 87/87 MP: 17/17
 13125 | D:11     | Noticed a white ugly thing
 13379 | D:11     | Noticed a two-headed ogre
 13409 | D:11     | Noticed a death knight
 13463 | D:10     | Killed a death knight
 13535 | D:11     | Received a gift from Yredelemnul (a mummy)
 13557 | D:11     | Killed a white ugly thing
 13584 | D:11     | Found a staircase to the Lair.
 13661 | D:11     | Received a gift from Yredelemnul (a wraith)
 13897 | D:11     | Killed a two-headed ogre
 13897 | D:11     | Reached skill level 11 in Polearms
 14329 | Lair:1   | Entered Level 1 of the Lair of Beasts
 14398 | Lair:1   | Noticed a six-headed hydra
 14401 | Lair:1   | Killed a six-headed hydra
 14518 | Lair:1   | Reached skill level 10 in Invocations
 14812 | Lair:1   | Reached ***** piety under Yredelemnul
 15219 | Lair:1   | Gained mutation: You are immune to freezing clouds.
                  | [demonic ancestry]
 15219 | Lair:1   | Reached XP level 12. HP: 96/96 MP: 19/19
 15620 | Lair:2   | Reached skill level 12 in Polearms
 15799 | Lair:2   | Noticed an eight-headed hydra
 15829 | Lair:2   | Killed an eight-headed hydra
 15829 | Lair:2   | Reached skill level 10 in Fighting
 16456 | Lair:2   | Noticed a five-headed hydra
 16474 | Lair:2   | Killed a five-headed hydra
 16533 | Lair:2   | Received a gift from Yredelemnul (a vampire)
 16848 | Lair:3   | Noticed a five-headed hydra
 16856 | Lair:2   | Killed a five-headed hydra
 17064 | Lair:3   | Noticed an eight-headed hydra
 17078 | Lair:3   | Killed an eight-headed hydra
 17361 | Lair:3   | Noticed a four-headed hydra
 17380 | Lair:3   | Killed a four-headed hydra
 17470 | Lair:3   | Noticed a seven-headed hydra
 17491 | Lair:3   | Killed a seven-headed hydra
 17651 | Lair:3   | Received a gift from Yredelemnul (4 flying skulls)
 17668 | Lair:3   | Reached skill level 10 in Shields
 18208 | Lair:3   | Found a staircase to the Snake Pit.
 18254 | Lair:3   | Reached XP level 13. HP: 104/104 MP: 22/22
 18574 | Lair:3   | Received a gift from Yredelemnul (a phantasmal warrior)
 18977 | Lair:3   | Upgraded the game from 0.23.0 to 0.23.0-3-gf3c87f2
 19218 | Lair:3   | Received a gift from Yredelemnul (a phantasmal warrior)
 19638 | Lair:3   | Found a staircase to the Swamp.
 19948 | Lair:4   | Got a dazzling morningstar
 19949 | Lair:4   | Identified the +5 morningstar of Yqija {flame, rF+} (You
                  | found it on level 4 of the Lair of Beasts)
 19999 | Lair:4   | Found a burning altar of Makhleb.
 20641 | Lair:4   | Received a gift from Yredelemnul (a wraith)
 20981 | Lair:5   | Reached skill level 13 in Polearms
 21290 | Lair:5   | Got a crude trident
 21291 | Lair:5   | Identified the cursed +3 trident of Peace {pierce, +Rage
                  | rC+ Int+3} (You found it on level 5 of the Lair of Beasts)
 21440 | Lair:5   | Found a staircase to the Slime Pits.
 21591 | Lair:5   | Noticed an entropy weaver
 21603 | Lair:5   | Noticed an entropy weaver
 21628 | Lair:5   | Killed an entropy weaver
 21669 | Lair:5   | Killed an entropy weaver
 22666 | Lair:6   | Entered Level 6 of the Lair of Beasts
 22734 | Lair:6   | HP: 3/107 [death yak (5)]
 22816 | Lair:5   | Gained mutation: You are mostly covered in thin metallic
                  | scales. (AC +3) [demonic ancestry]
 22816 | Lair:5   | Reached XP level 14. HP: 79/114 MP: 12/23
 23155 | Lair:5   | Received a gift from Yredelemnul (a vampire)
 23675 | Lair:6   | Upgraded the game from 0.23.0-3-gf3c87f2 to
                  | 0.23.2-40-g277498a001
 23675 | Lair:6   | Quit the game

Skill      XL: |  1  2  3  4  5  6  7  8  9 10 11 12 13 14 |
---------------+-------------------------------------------+-----
Polearms       | 2 3 4 5 6 7 9 10 11 12 13 | 13.5
Shields        | 3 4 5 6 7 8 10 12 | 12.6
Fighting       | 4 5 6 7 8 9 10 11 12 | 12.1
Invocations    | 1 4 6 8 10 12 | 12.0
Armour         | |  2.7

Action                   |  1- 3 |  4- 6 |  7- 9 | 10-12 | 13-15 || total
-------------------------+-------+-------+-------+-------+-------++-------
Melee: Trident           |    98 |   120 |   174 |       |       ||   392
       Dagger            |    64 |    31 |    13 |       |       ||   108
       Hand axe          |       |     2 |    20 |       |       ||    22
       Spear             |       |       |   298 |  1056 |   554 ||  1908
 Fire: Hunting sling     |     7 |    38 |    83 |   137 |    12 ||   277
       Blowgun           |       |    16 |     6 |       |       ||    22
Throw: Stone             |    35 |    13 |    19 |     3 |     1 ||    71
       Javelin           |       |       |       |    30 |     4 ||    34
       Tomahawk          |       |       |       |       |    30 ||    30
Invok: Animate Dead      |       |       |       |     4 |    10 ||    14
       Recall Undead Sla |       |       |       |     4 |       ||     4
       Drain Life        |       |       |       |     2 |    11 ||    13
       Stop Recall       |       |       |       |     1 |       ||     1
Evoke: Wand              |       |       |     2 |    13 |     9 ||    24
       Phantom mirror    |       |       |       |     1 |       ||     1
  Use: Potion            |     1 |       |       |       |     5 ||     6
       Scroll            |       |    13 |     3 |     7 |     7 ||    30
 Stab: Distracted        |       |       |       |     3 |     3 ||     6
  Eat: Chunk             |     6 |     5 |    16 |    24 |    10 ||    61
       Ration            |       |     1 |       |     4 |     4 ||     9
Armor: Scale mail        |    27 |       |       |       |       ||    27
       Chain mail        |    32 |    71 |   140 |       |       ||   243
       Plate armour      |       |       |    22 |   309 |   188 ||   519
Dodge: Dodged            |    31 |    23 |    63 |    85 |    70 ||   272
Block: Shield            |    62 |    70 |   185 |   367 |   314 ||   998
